 Dungeon Crawl Stone Soup version 0.21-a0-278-ga722497 (webtiles) character file.

1001 tilp the Firebug (level 8, -3/57 HPs)
             Began as a Hill Orc Fire Elementalist on Sept 20, 2017.
             Was a Follower of Okawaru.
             Slain by a wyvern zombie (7 damage)
             ... on level 6 of the Dungeon.
             The game lasted 00:20:53 (6772 turns).

tilp the Firebug (Hill Orc Fire Elementalist)       Turns: 6772, Time: 00:20:54

Health: -3/57      AC:  4    Str: 11    XL:     8   Next: 20%
Magic:  13/13      EV: 12    Int: 17    God:    Okawaru [*.....]
Gold:   236        SH:  0    Dex: 11    Spells: 4/14 levels left

rFire    . . .     SeeInvis .   M - +2 hand axe (venom)
rCold    . . .     Gourm    .   (no shield)
rNeg     . . .     Faith    .   h - +0 robe
rPois    .         Spirit   .   (no helmet)
rElec    .         Reflect  .   E - +0 cloak
rCorr    .         Harm     .   d - +0 pair of gloves
MR       .....                  (no boots)
Stlth    ++........             (no amulet)
HPRegen  0.19/turn              (no ring)
MPRegen  0.13/turn              (no ring)

@: no status effects
A: no striking features
a: Heroism, Renounce Religion


You were on level 6 of the Dungeon.
You worshipped Okawaru.
Okawaru was aware of your devotion.
You were not hungry.

You visited 2 branches of the dungeon, and saw 7 of its levels.

You collected 236 gold pieces.

Inventory:

Hand Weapons
 a - a +4 whip of flaming
 b - a +0 hunting sling
 y - a cursed +0 dagger
 C - a +0 war axe
 D - a cursed -1 long sword
 M - a +2 hand axe of venom (weapon)
Missiles
 g - 45 stones (quivered)
 A - 31 sling bullets
 H - 10 tomahawks
Armour
 d - a +0 pair of gloves (worn)
 h - a +0 robe (worn)
 E - a +0 cloak (worn)
 I - the +6 plate armour of Cisulu {Str+3 Stlth+, unknown}
   (You found it on level 5 of the Dungeon)

   It affects your strength (+3).
   It makes you more stealthy.
Jewellery
 s - an uncursed amulet of regeneration {unknown}
 F - an uncursed ring of protection from fire {unknown}
 K - a +3 ring of intelligence {unknown}
Wands
 B - a wand of random effects (33/48)
Scrolls
 e - 2 scrolls of blinking {unknown}
 f - a scroll of enchant weapon {unknown}
 m - 6 scrolls of identify {unknown}
 o - 2 scrolls of teleportation {unknown}
 q - 4 scrolls of remove curse {unknown}
 t - 2 scrolls of recharging {unknown}
 u - a scroll of magic mapping {unknown}
 v - a scroll of immolation {unknown}
 z - 3 scrolls of enchant armour {unknown}
Potions
 i - 3 potions of cancellation {unknown}
 k - 2 potions of curing {unknown}
 n - a potion of brilliance {unknown}
 r - a potion of agility {unknown}
 x - 2 potions of might {unknown}
 J - a potion of flight {unknown}
 L - a potion of lignification {unknown}
Books
 j - a book of Flames

   Spells                             Type                      Level
   a - Flame Tongue                   Conjuration/Fire             1
   b - Throw Flame                    Conjuration/Fire             2
   c - Conjure Flame                  Conjuration/Fire             3
   d - Inner Flame                    Hexes/Fire                   3
   e - Sticky Flame                   Conjuration/Fire             4
   f - Fireball                       Conjuration/Fire             5
 w - a book of Minor Magic

   Spells                             Type                      Level
   a - Magic Dart                     Conjuration                  1
   b - Blink                          Translocation                2
   c - Call Imp                       Summoning                    2
   d - Slow                           Hexes                        2
   e - Conjure Flame                  Conjuration/Fire             3
   f - Mephitic Cloud                 Conjuration/Poison/Air       3
Comestibles
 c - 3 bread rations
 p - 2 chunks of flesh


   Skills:
 - Level 1.5 Dodging
 - Level 1.5 Stealth
 + Level 3.9 Spellcasting
 + Level 5.7 Conjurations
 + Level 6.7 Fire Magic


You had 4 spell levels left.
You knew the following spells:

 Your Spells              Type           Power        Failure   Level  Hunger
a - Flame Tongue          Conj/Fire      ###..        1%          1    None
b - Throw Flame           Conj/Fire      ###...       1%          2    ##.....
c - Conjure Flame         Conj/Fire      ###.....     3%          3    ###....
d - Sticky Flame          Conj/Fire      ###.....     12%         4    ####...


Dungeon Overview and Level Annotations

Branches:
Dungeon (6/15)             Temple (1/1) D:4

Altars:
Ashenzari
Cheibriados
Dithmenos
Elyvilon
Fedhas
Gozag
Hepliaklqana
Kikubaaqudgha
Makhleb
Nemelex Xobeh
Okawaru
Qazlal
Ru
Sif Muna
Trog
Uskayaw
Vehumet
Wu Jian
Xom
Yredelemnul
Zin
The Shining One

Annotations:
D:2 1 runed door


Message History

The wyvern zombie bites you! The wyvern zombie closely misses you.
You hit the wyvern zombie but do no damage.
The wyvern zombie is moderately damaged.
The wyvern zombie bites you!
* * * LOW HITPOINT WARNING * * *
Casting: Flame Tongue
Confirm with . or Enter, or press ? or * to list all spells.
Aiming: Flame Tongue
Press: ? - help, Shift-Dir - straight line, f - wyvern zombie
Aim: a wyvern zombie (moderately damaged)
The flame tongue hits the wyvern zombie.
The wyvern zombie is moderately damaged.
The wyvern zombie closely misses you. The wyvern zombie bites you!
* * * LOW HITPOINT WARNING * * *
Casting: Flame Tongue
Confirm with . or Enter, or press ? or * to list all spells.
Okay, then.
The wyvern zombie barely misses you. The wyvern zombie bites you!
You die...

#..<..#######......##
............#......#
............#..[...#
............#......#
............#......#
....<.......#......#
#...........#......#
#...........#......#
......##...##.@....#
......##...##Z.....#
...................#
#..................#
#.....##...........#
###### #...##......#
#...##........
.....#.........
......#.........


You could see a wyvern zombie.

Vanquished Creatures
  2 ogres
  A phantom (D:5)
  A bullfrog (D:6)
  A crimson imp (D:4)
  A hound (D:5)
  3 orc priests
  A jelly (D:5)
  4 orc wizards
  2 bullfrog skeletons
  2 iguanas
  2 worker ants
  A hound zombie (D:5)
  A hound skeleton (D:6)
  A howler monkey zombie (D:5)
  8 gnolls
  4 adders
  A shadow imp (D:6)
  An adder zombie (D:5)
  An adder skeleton (D:4)
  A worm (D:2)
  A dart slug (D:2)
  A leopard gecko (D:4)
  8 orcs
  6 giant cockroaches
  7 goblins
  7 hobgoblins
  5 jackals
  2 quokkas (D:5)
  3 ball pythons
  4 bats
  2 frilled lizards
  A jackal skeleton (D:6)
  5 kobolds
  A leopard gecko skeleton (D:4)
  2 quokka skeletons
  7 rats
101 creatures vanquished.

Notes
Turn   | Place    | Note
-------+----------+-------------------------------------------
     0 | D:1      | tilp the Hill Orc Fire Elementalist began the quest for the Orb.
     0 | D:1      | Reached XP level 1. HP: 14/14 MP: 3/3
   128 | D:1      | Reached XP level 2. HP: 20/20 MP: 4/4
   570 | D:1      | Learned a level 2 spell: Throw Flame
   727 | D:1      | Reached XP level 3. HP: 26/26 MP: 2/5
   902 | D:2      | Found a shattered altar of Ashenzari.
  1243 | D:2      | Found a glowing silver altar of Zin.
  1301 | D:2      | Reached skill level 4 in Fire Magic
  1742 | D:2      | Found a burning altar of Makhleb.
  1748 | D:2      | Found a hide-covered altar of Uskayaw.
  1749 | D:2      | Found a snail-covered altar of Cheibriados.
  1750 | D:2      | Found a radiant altar of Vehumet.
  1750 | D:2      | Found a glowing golden altar of the Shining One.
  1754 | D:2      | Found a white marble altar of Elyvilon.
  1755 | D:2      | Found a sparkling altar of Nemelex Xobeh.
  1856 | D:2      | Found a runed door.
  1915 | D:3      | Reached XP level 4. HP: 33/33 MP: 6/6
  1923 | D:3      | Learned a level 3 spell: Conjure Flame
  2162 | D:3      | Found an opulent altar of Gozag.
  2338 | D:3      | Reached XP level 5. HP: 5/38 MP: 0/8
  2795 | D:4      | Found a shattered altar of Ashenzari.
  2807 | D:4      | Noticed an ogre
  2850 | D:4      | Killed an ogre
  3109 | D:4      | Reached XP level 6. HP: 37/45 MP: 4/9
  3115 | D:4      | Learned a level 4 spell: Sticky Flame
  3261 | D:4      | Found a staircase to the Ecumenical Temple.
  3271 | Temple   | Entered the Ecumenical Temple
  3411 | Temple   | Became a worshipper of Warmaster Okawaru
  3597 | D:4      | Reached skill level 5 in Fire Magic
  3779 | D:5      | Entered Level 5 of the Dungeon
  4414 | D:5      | Noticed a phantom
  4436 | D:5      | Killed a phantom
  4436 | D:5      | Reached XP level 7. HP: 41/50 MP: 4/11
  5465 | D:5      | Reached * piety under Okawaru
  5465 | D:5      | Reached skill level 6 in Fire Magic
  5506 | D:5      | Reached skill level 5 in Conjurations
  5987 | D:5      | Got a smoking plate armour
  6013 | D:5      | Found a basalt altar of Yredelemnul.
  6500 | D:6      | Reached XP level 8. HP: 26/57 MP: 6/13
  6764 | D:6      | HP: 2/57 [wyvern zombie (11)]
  6772 | D:6      | Slain by a wyvern zombie

Vault maps used:
D:1:      grunt_arrival_crossed_arrows
D:2:      nicolae_overflow_crystal_walls, ashenzari_conservatory_becter,
          minitemple, roderic_lattice_a, uniq_crazy_yiuf_cottage
D:3:      grunt_gozag_statues, first_bread
D:4:      temple_hall, ashenzari_altar_1
D:5:      kennysheep_little_box
Temple:   minmay_temple_curvy_loop

Skill      XL: |  1  2  3  4  5  6  7 |
---------------+----------------------+-----
Conjurations   | 2 3 4 5 |  5.7
Fire Magic     | 4 5 6 |  6.7
Spellcasting   | 2 3 |  3.9
Dodging        | |  1.5
Stealth        | |  1.5

Action                   |  1- 3 |  4- 6 |  7- 9 || total
-------------------------+-------+-------+-------++-------
Melee: Club              |     3 |       |       ||     3
       Hand axe          |    22 |       |    11 ||    33
       Whip              |    36 |    79 |    67 ||   182
 Fire: Hunting sling     |    13 |    19 |       ||    32
Throw: Stone             |    10 |       |       ||    10
 Cast: Flame Tongue      |    23 |    38 |    36 ||    97
       Conjure Flame     |       |     2 |     5 ||     7
       Throw Flame       |       |     4 |       ||     4
  Use: Potion            |       |     2 |       ||     2
 Stab: Sleeping          |     1 |     1 |       ||     2
  Eat: Chunk             |     3 |     7 |     5 ||    15
       Fruit             |       |     2 |       ||     2
       Royal jelly       |       |       |     2 ||     2
Armor: Robe              |     7 |    15 |    22 ||    44
Dodge: Dodged            |    51 |    54 |    58 ||   163

Table legend:
 A = Spawn XP
 B = Non-spawn XP
 C = Spawn XP percentage of total XP
 D = Spawn monster count
 E = Non-spawn monster count
 F = Spawn count percentage of total count
 G = Total turns spent on level
                    A         B        C        D         E        F      G
               +---------+---------+-------+---------+---------+-------+---------
         Total |       0 |    1431 |   0.0 |       0 |     101 |   0.0 |  6772
               +---------+---------+-------+---------+---------+-------+---------
           D:1 |       0 |      37 |   0.0 |       0 |      22 |   0.0 |   895
           D:2 |       0 |      43 |   0.0 |       0 |      16 |   0.0 |   986
           D:3 |       0 |     109 |   0.0 |       0 |      17 |   0.0 |   864
           D:4 |       0 |     272 |   0.0 |       0 |      11 |   0.0 |  1094
           D:5 |       0 |     536 |   0.0 |       0 |      23 |   0.0 |  2136
           D:6 |       0 |     434 |   0.0 |       0 |      12 |   0.0 |   579
               +---------+---------+-------+---------+---------+-------+---------
